 Dungeon Crawl Stone Soup version 0.31-a0-836-g3ceb0a68c4 (webtiles) character file.

Game seed: 13972002373558329132

52 subawu the Ruffian (level 3, -6/28 HPs)
             Began as a Gnoll Shapeshifter on Sept 26, 2023.
             Killed from afar by Ijyb (20 damage)
             ... with a bolt of light
             ... on level 3 of the Dungeon.
             The game lasted 00:09:58 (2358 turns).

subawu the Ruffian (Gnoll Shapeshifter)             Turns: 2358, Time: 00:09:58

Health: -6/28      AC:  6    Str: 15    XL:     3   Next: 85%
Magic:  4/4        EV: 10    Int:  9    God:
Gold:   116        SH:  0    Dex: 11    Spells: 4/4 levels left

rFire   . .          .
                       - Unarmed
rCold   . . .        (no shield)
rNeg    . . .        n - +0 scale mail
rPois   .            (helmet currently unavailable)
rElec   .            (cloak currently unavailable)
rCorr   .            (gloves currently unavailable)
SInv    .            (boots currently unavailable)
Will    .....        (no amulet) Stlth
                     (no ring)
HPRegen 0.24/turn    (no ring)
MPRegen 0.09/turn

%: no passive effects
@: beast-form
A: beast (slay +3), fangs 1, strong nose, distributed training
a: Begin Untransformation


You were on level 3 of the Dungeon.
You were a hulking beast.
You visited 1 branch of the dungeon, and saw 3 of its levels.

You collected 116 gold pieces.

Inventory:

Armour
 a - a +0 animal skin
 f - a +1 ring mail
 n - a +0 scale mail (worn)
Jewellery
 j - an amulet of faith
 k - a ring of willpower
Talismans
 c - a beast talisman (active)
 d - a flux talisman
Scrolls
 e - a scroll of brand weapon {unknown}
 g - 2 scrolls of identify {unknown}
 i - a scroll of poison {unknown}
 m - a scroll of enchant weapon {unknown}
Potions
 b - a potion of lignification
 h - a potion of attraction
 l - a potion of might {unknown}


   Skills:
 + Level 2.6 Fighting
 + Level 1.0 Short Blades
 + Level 1.0 Long Blades
 + Level 1.0 Axes
 + Level 1.0 Maces & Flails
 + Level 1.0 Polearms
 + Level 1.0 Staves
 + Level 1.0 Ranged Weapons
 + Level 1.0 Throwing
 + Level 1.0 Armour
 + Level 4.6 Dodging
 + Level 1.0 Stealth
 + Level 1.0 Shields
 + Level 6.5 Unarmed Combat
 + Level 1.0 Spellcasting
 + Level 0.7 Conjurations
 + Level 0.7 Hexes
 + Level 0.7 Summonings
 + Level 0.7 Necromancy
 + Level 0.7 Translocations
 + Level 0.7 Transmutations
 + Level 0.7 Fire Magic
 + Level 0.7 Ice Magic
 + Level 0.7 Air Magic
 + Level 0.7 Earth Magic
 + Level 0.7 Poison Magic
 + Level 1.0 Invocations
 + Level 1.0 Evocations
 + Level 6.5 Shapeshifting


You had 4 spell levels left.
You didn't know any spells.
Your spell library was empty.

Dungeon Overview and Level Annotations

Branches:
Dungeon (3/15)

Altars:
Qazlal

Annotations:
D:3 Ijyb


Innate Abilities, Weirdness & Mutations

You are a hulking beast.
Your limbs bulge with bestial killing power. (Slay +3)
You have very sharp teeth.
Your uncanny sense of smell can sniff out nearby items.
Your experience applies equally to all skills.


Message History

You kill the bat!
Found a scroll labelled QUNONE JOIZITS.
A bat comes into view.
The bat barely misses you.
You hit the bat.
You kill the bat!
Found 17 gold pieces.
m - a scroll labelled QUNONE JOIZITS You now have 116 gold pieces (gained 17).
Found a scale mail.
Found a spear.
You see here a +0 scale mail.
n - a +0 scale mail You start removing your armour.
You continue taking off your +1 ring mail. x4
You finish taking off your +1 ring mail.
You start putting on your armour.
You continue putting on your +0 scale mail. x5
You finish putting on your +0 scale mail.
A frilled lizard comes into view.
Found 2 stones.
Found 5 gold pieces.
The frilled lizard bites you.
Ijyb the Twisted Goblin comes into view.
She is wielding a +0 club and carrying a wand of light.
Found a scroll labelled FOXZECV PEKKOM.
Ijyb shouts!
The frilled lizard bites you but does no damage.
The frilled lizard bites you but does no damage.
You see here a scroll labelled EDUAROSASS.
A quokka comes into view.
The frilled lizard attacks as it pursues you!
The frilled lizard closely misses you.
Ijyb zaps a wand.
The bolt of light hits you!
You punch the frilled lizard!
You kill the frilled lizard!
Things that are here:
a scroll labelled EDUAROSASS; a frilled lizard corpse Ijyb zaps a wand.
The bolt of light hits you!!
Ouch! That really hurt!
You die...

#.#. #.. #.#. #.# ...#
##?.. ....##.###
..#####.....
.........####.#.........
.......#....#.....(.....
.......#....#..........
#+#....#....#.......#
.....###..).#.......#
.....###.......?h..$#
.................g..#
........................
..............#....r....
###...........#.........
#.........#...........
###.........#........#..
.###.....####...........
...........


You could see Ijyb and a quokka.

Vanquished Creatures
  An adder (D:2)
  A dart slug (D:2)
  4 bats
  7 endoplasms
  5 giant cockroaches
  4 goblins
  4 hobgoblins
  A quokka (D:2)
  2 ball pythons
  3 frilled lizards
  2 kobolds
  3 rats
37 creatures vanquished.

Notes
Turn   | Place    | Note
-------+----------+-------------------------------------------
     0 | D:1      | subawu the Gnoll Shapeshifter began the quest for the Orb.
     0 | D:1      | Reached XP level 1. HP: 17/17 MP: 1/1
   381 | D:1      | Reached XP level 2. HP: 20/23 MP: 2/2
  1206 | D:2      | Reached XP level 3. HP: 27/28 MP: 3/3
  1426 | D:2      | Reached skill level 1 in Invocations
  1813 | D:2      | Reached skill level 1 in Short Blades
  1813 | D:2      | Reached skill level 1 in Long Blades
  1813 | D:2      | Reached skill level 1 in Axes
  1813 | D:2      | Reached skill level 1 in Maces & Flails
  1813 | D:2      | Reached skill level 1 in Polearms
  1813 | D:2      | Reached skill level 1 in Staves
  1813 | D:2      | Reached skill level 1 in Ranged Weapons
  1813 | D:2      | Reached skill level 1 in Throwing
  1813 | D:2      | Reached skill level 1 in Armour
  1813 | D:2      | Reached skill level 1 in Stealth
  1813 | D:2      | Reached skill level 1 in Shields
  1813 | D:2      | Reached skill level 1 in Spellcasting
  1813 | D:2      | Reached skill level 1 in Evocations
  2037 | D:2      | Found a faded altar of an unknown god.
  2285 | D:3      | Found a stormy altar of Qazlal.
  2353 | D:3      | Noticed Ijyb
  2358 | D:3      | Killed from afar by Ijyb

Illustrated notes

Levels and vault maps discovered:
D:1:      dpeg_arrival_triangle_fractal, layout_basic
D:2:      layout_basic, ebering_ecumenical_altar_rust,
          wander_ebering_terrifying_dragon_lair
D:3:      layout_basic, grunt_qazlal_clouds, gammafunk_ghost_cemetery,
          uniq_jessica, uniq_ijyb, uniq_natasha

Skill      XL: |  1  2  3 |
---------------+----------+-----
Invocations    | 1 |  1.0
Short Blades   | 1 |  1.0
Long Blades    | 1 |  1.0
Axes           | 1 |  1.0
Maces & Flails | 1 |  1.0
Polearms       | 1 |  1.0
Staves         | 1 |  1.0
Ranged Weapons | 1 |  1.0
Throwing       | 1 |  1.0
Armour         | 1 |  1.0
Stealth        | 1 |  1.0
Shields        | 1 |  1.0
Spellcasting   | 1 |  1.0
Evocations     | 1 |  1.0
Fighting       | |  2.6
Dodging        | |  4.6
Unarmed Combat | |  6.5
Conjurations   | |  0.7
Hexes          | |  0.7
Summonings     | |  0.7
Necromancy     | |  0.7
Translocations | |  0.7
Transmutations | |  0.7
Fire Magic     | |  0.7
Ice Magic      | |  0.7
Air Magic      | |  0.7
Earth Magic    | |  0.7
Poison Magic   | |  0.7
Shapeshifting  | |  6.5

Action                     || total
---------------------------++-------
  Melee: Unarmed           ||    76
         Bite              ||     4
         Punch             ||     2
    Use: Potion            ||     2
         Scroll            ||     1
 Armour: Ring mail         ||    52
         Animal skin       ||     3
         Scale mail        ||     5
  Dodge: Dodged            ||    63

Table legend: (Time is in decaauts)
 A = Elapsed time spent in this place.
 B = Non-inter-level travel time spent in this place.
 C = Inter-level travel time spent in this place.
 D = Time resting spent in this place.
 E = Time spent auto-exploring this place.
 F = Levels seen in this place.
 G = Mean time per level.
                   A        B        C        D        E       F      G
               +--------+--------+--------+--------+--------+-----+--------+
         Total |   2348 |   2158 |    190 |     14 |    998 |   3 |  782.7 |
       Dungeon |   2348 |   2158 |    190 |     14 |    998 |   3 |  782.7 |
               +--------+--------+--------+--------+--------+-----+--------+

Top non-repeatable levels by time:
     D:2: 1212 daAuts
     D:1: 1046 daAuts
     D:3: 89 daAuts
